 Dungeon Crawl Stone Soup version 0.29.1 (webtiles) character file.

Game seed: 17905962490669217034

71 funnyparkerb the Insei (level 4, -3/28 HPs)
             Began as an Octopode Transmuter on Sept 13, 2022.
             Killed by divine providence
             ... invoked by an orc priest
              (12 damage)
             ... on level 3 of the Dungeon.
             The game lasted 00:03:16 (2006 turns).

funnyparkerb the Insei (Octopode Transmuter)        Turns: 2006, Time: 00:03:16

Health: -3/28      AC:  1    Str:  9    XL:     4   Next: 24%
Magic:  7/7        EV: 13    Int: 15    God:
Gold:   112        SH:  0    Dex: 14    Spells: 3/7 levels left

rFire   . . .      SeeInvis .     - Unarmed
rCold   . . .      Faith    .   (no shield)
rNeg    . . .      Spirit   .   (helmet currently unavailable)
rPois   .          Reflect  .   (no amulet)
rElec   .          Harm     .   (no ring)
rCorr   .          Rampage  .   (no ring)
Will    .....                   (no ring)
Stlth   ++........              (no ring)
HPRegen 0.09/turn               (no ring)
MPRegen 0.10/turn               (no ring)
                                (no ring)
                                (no ring)

@: appendages (expiring)
A: tentacle spike 3, almost no armour, amphibious, 8 rings, camouflage 1,
gelatinous body 1, (nimble swimmer 1), tentacles
a: End Transformation


You were on level 3 of the Dungeon.
One of your tentacles had grown a beastly spike.
You visited 1 branch of the dungeon, and saw 3 of its levels.

You collected 112 gold pieces.

Inventory:

Missiles
 c - 10 stones
 n - 5 javelins (quivered)
Scrolls
 d - 2 scrolls of identify {unknown}
 e - a scroll of amnesia {unknown}
 g - a scroll of butterflies {unknown}
 h - a scroll of enchant weapon {unknown}
 l - a scroll of fear {unknown}
 m - a scroll of teleportation {unknown}
 o - a scroll of enchant armour {unknown}
Potions
 a - a potion of lignification
 b - a potion of magic {unknown}
 f - a potion of flight {unknown}
 i - a potion of brilliance {unknown}
 j - 2 potions of haste {unknown}
 k - a potion of resistance {unknown}


   Skills:
 - Level 1.0 Fighting
 - Level 2.0 Dodging
 + Level 4.0 Unarmed Combat
 - Level 2.0 Spellcasting
 * Level 3.0 Transmutations
 * Level 1.7 Poison Magic


You had 3 spell levels left.
You knew the following spells:

 Your Spells              Type           Power      Damage    Failure   Level
a - Beastly Appendage     Tmut           20%        N/A       6%          1
b - Spider Form           Tmut/Pois      8%         N/A       26%         3

Your spell library contained the following spells:

 Spells                   Type           Power      Damage    Failure   Level
 Wereblood                Tmut           10%        N/A       10%         2
 Blink                    Tloc           2%         N/A       32%         2
 Call Canine Familiar     Summ           1%         N/A       54%         3
 Portal Projectile        Hex/Tloc       2%         N/A       54%         3
 Ice Form                 Ice/Tmut       6%         N/A       75%         4
 Leda's Liquefaction      Hex/Erth       0%         N/A       91%         4
 Manifold Assault         Tloc           1%         N/A       99%         5
 Storm Form               Tmut/Air       3%         N/A       100%        7


Dungeon Overview and Level Annotations

Branches:
Dungeon (3/15)

Altars:


Innate Abilities, Weirdness & Mutations

One of your tentacles has grown a beastly spike.
You cannot wear most types of armour.
You are amphibious.
You can wear up to eight rings at the same time.
Your skin changes colour to match your surroundings (Stealth+).
Your rubbery body absorbs attacks. (AC +1, EV +1)
((You are camouflaged when in or above water. (Stealth+)))
You have tentacles for arms and can constrict up to eight enemies at once.


Message History

A hobgoblin comes into view.
You hear a shout!
Sorry, you're not good enough to have a special ability.
Casting: Beastly Appendage (safe; 7% risk of failure)
Confirm with . or Enter, or press ? or * to list all spells.
One of your tentacles grows a vicious spike.
The kobold throws a stone.
The stone closely misses you.
The kobold throws a stone.
The stone barely misses you.
Casting: Beastly Appendage (safe; 7% risk of failure)
Confirm with . or Enter, or press ? or * to list all spells.
Okay, then.
An orc comes into view. It is wielding a +0 club.
The orc barely misses you.
An orc priest comes into view. It is wielding a +0 dagger.
The orc priest shouts!
You tentacle-slap the orc. Your grab misses the orc.
Your squeeze misses the orc.
The orc is heavily wounded.
The orc closely misses you.
The kobold throws a stone.
The stone hits you.
An orc priest comes into view. It is wielding a +0 dagger.
You tentacle-slap the orc.
You kill the orc!
You barely miss the orc. You grab the orc. You tentacle-slap the orc.
The orc is heavily wounded.
You constrict the orc. The orc barely misses you.
You tentacle-slap the orc.
You kill the orc!
The hobgoblin hits you.
Your Transmutations skill increases to level 3!
The hobgoblin attacks as you move away! The hobgoblin closely misses you.
Your transformation is almost over.
The orc priest invokes the aid of Beogh against you.
Beogh smites you!
Ouch! That really hurt!
The kobold throws a stone.
The stone barely misses you.
You are too injured to fight recklessly!
You are too injured to fight recklessly!
The orc priest invokes the aid of Beogh against you.
Beogh smites you!
You die...

.........<.#
...........# .#
...........### .#
###........>.## ..#+
###'#.......## ...
#.#........# ... .
#.#........# #.##...
#.#.##.....#####oo.....
#.#..'......@.gK).o....
#.####....#########....
#.# #....# .
#.####....####
#.............
##############


You could see 2 orc priests, an orc, a hobgoblin and a kobold.

Vanquished Creatures
  An adder (D:2)
  2 worms (D:2)
  3 dart slugs (D:1)
  2 orcs (D:3)
  3 bats (D:1)
  An endoplasm (D:1)
  2 giant cockroaches
  5 hobgoblins
  4 jackals
  3 quokkas
  7 ball pythons
  2 frilled lizards (D:1)
  4 goblins (D:1)
  2 kobolds
  5 rats
46 creatures vanquished.

Notes
Turn   | Place    | Note
-------+----------+-------------------------------------------
     0 | D:1      | funnyparkerb the Octopode Transmuter began the quest for
                  | the Orb.
     0 | D:1      | Reached XP level 1. HP: 13/13 MP: 3/3
    98 | D:1      | Reached XP level 2. HP: 18/18 MP: 5/5
   469 | D:1      | Reached XP level 3. HP: 23/23 MP: 6/6
   643 | D:1      | Found a faded altar of an unknown god.
   759 | D:1      | Learned a level 3 spell: Spider Form
  1546 | D:2      | Reached skill level 1 in Poison Magic
  1562 | D:2      | Reached skill level 4 in Unarmed Combat
  1577 | D:2      | Reached XP level 4. HP: 28/28 MP: 5/7
  2006 | D:3      | Killed from afar by an orc priest

Illustrated notes

Levels and vault maps discovered:
D:1:      noname_arrival_rooms_in_the_neighbourhood, layout_basic,
          hellmonk_ecumenical_altar_inner_sanctum, nrook_campfire
D:2:      layout_rooms
D:3:      layout_basic, vehumet_crystals,
          nicolae_dithmenos_through_a_glass_darkly

Skill      XL: |  1  2  3  4 |
---------------+-------------+-----
Poison Magic   | 1 |  1.7
Unarmed Combat | 4 |  4.0
Transmutations | 3 |  3.0
Fighting       | |  1.0
Dodging        | |  2.0
Spellcasting   | |  2.0

Action                   |  1- 3 |  4- 6 || total
-------------------------+-------+-------++-------
Melee: Unarmed           |    78 |    16 ||    94
       Constrict         |    26 |     5 ||    31
       Tentacles         |    19 |     5 ||    24
       Kick              |     9 |     5 ||    14
       Punch             |     4 |     1 ||     5
Throw: Stone             |    12 |       ||    12
 Cast: Beastly Appendage |     8 |     4 ||    12
 Stab: Sleeping          |     1 |       ||     1
Armor: Skin              |    16 |       ||    16
Dodge: Dodged            |    52 |    12 ||    64
